AoeStats
← twitch.tv/Hippo_Run

Arabia

503305146Analyzed
1v1 RM · 1mo ago on Aug 31, 2026· 43m 32s· 2 players
Game mode
Random Map
Map size
Tiny (2 player)
Population
200
Speed
Normal
Resources
Standard
Victory
Conquest
Starting age
Dark Age
Ending age
Imperial Age
RankedLock teamsTeams togetherTeam positionsShared explorationLock speedFull tech treeHidden civsTurbo modeCheats
Victory
Defeat
🇺🇸 Huns · United States
1188
+18
🇧🇷 Vietnamese · Brazil
1222
-18
twitch.tv/Hippo_Run
6:52 Loom
9:29 Feudal Age
14:53 Double-Bit Axe
16:14 Horse Collar
17:19 Fletching
21:12 Gold Mining
24:31 Castle Age
26:10 Bodkin Arrow
26:18 Husbandry
26:29 Bloodlines
27:38 Padded Archer Armor
27:58 Scale Barding Armor
29:14 Chain Barding Armor
29:00 Padded Archer Armor
29:36 Thumb Ring
31:29 Ballistics
32:46 Leather Archer Armor
32:43 Forging
35:26 Imperial Age
32:36 Light Cavalry
35:47 Wheelbarrow
35:36 Forging
36:55 Parthian Tactics
38:47 Bracer
40:06 Town Watch
41:12 Elite Skirmisher
Fs.Igor
8:03 Loom
10:21 Feudal Age
12:15 Double-Bit Axe
12:11 Horse Collar
18:00 Wheelbarrow
17:12 Town Watch
19:01 Fletching
19:12 Padded Archer Armor
23:49 Gold Mining
26:47 Castle Age
25:54 Gold Mining
26:34 Scale Barding Armor
26:40 Forging
26:53 Crossbowman
27:37 Bodkin Arrow
27:14 Light Cavalry
28:04 Bloodlines
29:18 Bow Saw
29:09 Heavy Plow
31:23 Bloodlines
31:13 Husbandry
33:07 Hand Cart
34:11 Leather Archer Armor
42:48 Imperial Age
Connection lost

Rejoining the realm…

Still unreachable

The connection could not be restored.

Session expired

The server has moved on; the page needs a fresh start.